 Dungeon Crawl Stone Soup version 0.17-a0-1533-g2f57bce (webtiles) character file.

267 Raurakos the Cleaver (level 6, -3/52 HPs)
             Began as a Hill Orc Gladiator on July 16, 2015.
             Slain by Menkaure (8 damage)
             ... on level 4 of the Dungeon.
             The game lasted 00:12:02 (3485 turns).

Raurakos the Cleaver (Hill Orc Gladiator)           Turns: 3485, Time: 00:12:03

Health: -3/52      AC:  6    Str: 18    XL:     6   Next: 21%
Magic:  6/6        EV: 14    Int:  8    God:
Gold:   155        SH:  0    Dex: 13    Spells: 0 memorised, 5 levels left

rFire  . . .     SeeInvis .     a - +0 war axe
rCold  + . .     Clarity  .     y - +0 ring mail {rC+}
rNeg   . . .     SustAt   .     (no shield)
rPois  .         Gourm    .     c - +0 helmet
rElec  .         Spirit   .     (no cloak)
rCorr  .         Warding  .     (no gloves)
rMut   .         Stasis   .     (no boots)
MR     +....                    (no amulet)
Stlth  +.........               E - +3 ring of evasion
                                w - ring of protection from magic

@: somewhat resistant to hostile enchantments, very unstealthy
A: no striking features
a: no special abilities


You were on level 4 of the Dungeon.
You were not hungry.

You visited 1 branch of the dungeon, and saw 4 of its levels.

You collected 155 gold pieces.

Inventory:

Hand weapons
 a - a +0 war axe (weapon)
 b - a +0 blowgun
Missiles
 d - 5 throwing nets
 m - 32 stones (quivered)
 x - 25 poisoned needles
Armour
 c - a +0 helmet (worn)
 y - a +0 ring mail of cold resistance (worn)
 z - a +0 buckler
Jewellery
 w - a ring of protection from magic (left hand)
 E - a +3 ring of evasion (right hand)
Scrolls
 i - 2 scrolls of remove curse
 j - a scroll of enchant armour {unknown}
 l - a scroll of fear {unknown}
 p - a scroll of blinking {unknown}
 q - a scroll of enchant weapon {unknown}
 s - a scroll of amnesia {unknown}
 t - 2 scrolls of fog {unknown}
 u - a scroll of magic mapping {unknown}
 v - 2 scrolls of teleportation
 C - a scroll of random uselessness {unknown}
 D - a scroll of recharging {unknown}
 H - a scroll of noise {unknown}
Potions
 f - 2 potions of curing
 g - a potion of heal wounds {unknown}
 h - a potion of ambrosia
 k - 2 potions of might
 A - 2 potions of degeneration {unknown}
 B - a potion of magic {unknown}
 G - a potion of cancellation {unknown}
Comestibles
 e - 2 bread rations
 n - a beef jerky
 o - a royal jelly
 r - a meat ration
 F - 4 chunks of flesh


   Skills:
 + Level 3.9 Fighting
 - Level 8.0 Axes
 - Level 2.0 Throwing
 - Level 1.3 Armour
 - Level 2.4 Dodging


You had 5 spell levels left.
You didn't know any spells.

Dungeon Overview and Level Annotations

Branches:
Dungeon (4/15)
 Temple: D:4-7

Altars:

Annotations:
D:4 Menkaure


Message History

Menkaure is severely damaged.
Menkaure barely misses you.
You barely miss Menkaure.
Menkaure is severely damaged.
Menkaure casts a spell at you. You resist with some effort.
Menkaure completely misses you.
You barely miss Menkaure.
Menkaure is severely damaged.
Menkaure hits you!!
You barely miss Menkaure.
Menkaure is severely damaged.
Menkaure closely misses you.
You hit Menkaure.
Menkaure is almost destroyed.
Menkaure hits you. Menkaure hits you!
* * * LOW HITPOINT WARNING * * *
You closely miss Menkaure.
Menkaure is almost destroyed.
Menkaure hits you!
You die...

#..# #..# #..#
#..# #..#
########..####.#
>(...........>.#
########..####..
#.@#
........M....#
######..####.#
#... #.### ...
###


You could see Menkaure.

Vanquished Creatures
  A scorpion (D:3)
  An orc wizard (D:3)
  Natasha (thrice) (D:3)
  Robin (D:3)
  3 adders (D:2)
  3 gnolls
  2 worms
  2 giant geckos (D:2)
  4 orcs
  4 giant cockroaches
  16 goblins
  12 hobgoblins
  2 jackals (D:3)
  A quokka (D:3)
  A ball python (D:1)
  8 bats
  6 giant newts
  8 kobolds
  9 rats
87 creatures vanquished.

Notes
Turn   | Place    | Note
--------------------------------------------------------------
     0 | D:1      | Raurakos the Hill Orc Gladiator began the quest for the Orb.
     0 | D:1      | Reached XP level 1. HP: 18/18 MP: 1/1
   303 | D:1      | Reached XP level 2. HP: 23/25 MP: 2/2
   413 | D:1      | Reached skill level 5 in Axes
  1099 | D:2      | Reached XP level 3. HP: 18/30 MP: 3/3
  1703 | D:2      | Reached skill level 6 in Axes
  1805 | D:2      | Reached XP level 4. HP: 35/37 MP: 4/4
  2454 | D:3      | Reached skill level 7 in Axes
  2454 | D:3      | Reached XP level 5. HP: 27/42 MP: 5/5
  2628 | D:3      | Noticed Robin
  2642 | D:3      | Killed Robin
  3054 | D:3      | Reached skill level 8 in Axes
  3064 | D:3      | Noticed Natasha
  3074 | D:3      | Killed Natasha
  3074 | D:3      | Reached skill level 1 in Armour
  3207 | D:3      | Noticed Natasha
  3215 | D:3      | Killed Natasha
  3220 | D:3      | Noticed Natasha
  3225 | D:3      | Killed Natasha
  3333 | D:3      | Reached XP level 6. HP: 42/52 MP: 6/6
  3474 | D:4      | Noticed Menkaure
  3485 | D:4      | Slain by Menkaure

Vault maps used:
D:1:      dpeg_arrival_windows_large_door, minmay_cut_off
D:3:      first_bread, uniq_natasha, uniq_robin
D:4:      lemuel_angel_altar, uniq_menkaure

Action                   |  1- 3 |  4- 6 || total
-------------------------+-------+-------++-------
Melee: War axe           |   119 |   150 ||   269
 Fire: Blowgun           |       |     2 ||     2
Throw: Stone             |     3 |    12 ||    15
  Use: Scroll            |     5 |     2 ||     7
  Eat: Chunk             |     2 |     7 ||     9
